 Dungeon Crawl Stone Soup version 0.28.0-47-ge53b351184 (webtiles) character file.

Game seed: 17467986458584906372

2 Skiberibeda the Insei (level 1, 0/13 HPs)
             Began as an Octopode Transmuter on May 8, 2022.
             Slain by a hobgoblin (5 damage)
             ... on level 1 of the Dungeon.
             The game lasted 00:00:17 (163 turns).

Skiberibeda the Insei (Octopode Transmuter)          Turns: 163, Time: 00:00:19

Health: 0/13       AC:  1    Str:  9    XL:     1   Next: 30%
Magic:  2/3        EV: 13    Int: 15    God:
Gold:   36         SH:  0    Dex: 12    Spells: 3/4 levels left

rFire   . . .      SeeInvis .     - Unarmed
rCold   . . .      Faith    .   (no shield)
rNeg    . . .      Spirit   .   (helmet currently unavailable)
rPois   .          Reflect  .   (no amulet)
rElec   .          Harm     .   (no ring)
rCorr   .          Rampage  .   (no ring)
Will    .....                   (no ring)
Stlth   ++........              (no ring)
HPRegen 0.04/turn               (no ring)
MPRegen 0.08/turn               (no ring)
                                (no ring)
                                (no ring)

@: appendages (expiring)
A: tentacle spike 3, almost no armour, amphibious, 8 rings, camouflage 1,
gelatinous body 1, (nimble swimmer 1), tentacles
a: End Transformation


You were on level 1 of the Dungeon.
One of your tentacles had grown a beastly spike.
You visited 1 branch of the dungeon, and saw 1 of its levels.

You collected 36 gold pieces.

Inventory:

Potions
 a - a potion of invisibility {unknown}


   Skills:
 * Level 1.1 Fighting
 + Level 2.0 Dodging
 - Level 3.0 Unarmed Combat
 - Level 2.0 Spellcasting
 * Level 2.0 Transmutations


You had 3 spell levels left.
You knew the following spells:

 Your Spells              Type           Power      Damage    Failure   Level
a - Beastly Appendage     Tmut           14%        N/A       10%         1

Your spell library contained the following spells:

 Spells                   Type           Power      Damage    Failure   Level
 Wereblood                Tmut           7%         N/A       14%         2
 Spider Form              Tmut/Pois      4%         N/A       41%         3
 Ice Form                 Ice/Tmut       4%         N/A       82%         4


Dungeon Overview and Level Annotations

Branches:
Dungeon (1/15)

Altars:


Innate Abilities, Weirdness & Mutations

One of your tentacles has grown a beastly spike.
You cannot wear most types of armour.
You are amphibious.
You can wear up to eight rings at the same time.
Your skin changes colour to match your surroundings (Stealth+).
Your rubbery body absorbs attacks. (AC +1, EV +1)
((You are camouflaged when in or above water. (Stealth+)))
You have tentacles for arms and can constrict up to eight enemies at once.


Message History

You see here a rat corpse.
Found a pair of boots.
One of your tentacles grows a vicious spike.
The frilled lizard bites you.
You closely miss the frilled lizard. You grab the frilled lizard.
Your tentacle spike misses the frilled lizard.
You constrict the frilled lizard. The frilled lizard barely misses you.
You tentacle-slap the frilled lizard.
You kill the frilled lizard!
No target in view!
Your transformation is almost over.
Your tentacle spike disappears.
HP restored.
You now have 22 gold pieces (gained 12).
Found a stone staircase leading down.
Found an escape hatch in the floor.
There is an escape hatch in the floor here.
You now have 36 gold pieces (gained 14).
You open the door.
A hobgoblin comes into view.
A hobgoblin is nearby!
There is an open door here.
One of your tentacles grows a vicious spike.
The hobgoblin shouts!
A bat comes into view.
The hobgoblin hits you. The bat barely misses you.
You closely miss the bat. You grab the bat.
Your tentacle spike misses the bat.
Your transformation is almost over.
You constrict the bat. The bat closely misses you.
The bat escapes!
The hobgoblin hits you.
You are too injured to fight recklessly!
You are too injured to fight recklessly!
You are too injured to fight recklessly!
You tentacle-slap the hobgoblin. You grab the hobgoblin.
You tentacle-slap the hobgoblin.
You squeeze the hobgoblin, but do no damage.
The hobgoblin is heavily wounded.
You constrict the hobgoblin, but do no damage.
The bat hits you but does no damage. The hobgoblin hits you.
You die...

#.# #. ##...## #.# #.
##.....###.####+####.
##.......##...........
#.........##.#....#..#
+.........+...........
#.........##........>#
#..bg...# ###...###.#
#..@..# #.......#
##...## ###.#####
##'## #.# #.# #.###
#.# #...# ##.## ###.#
##...## #.#
#.....###### #.#
...##...###...# #.#


You could see a hobgoblin and a bat.

Vanquished Creatures
  A frilled lizard (D:1)
  2 rats (D:1)
3 creatures vanquished.

Notes
Turn   | Place    | Note
-------+----------+-------------------------------------------
     0 | D:1      | Skiberibeda the Octopode Transmuter began the quest for the
                  | Orb.
     0 | D:1      | Reached XP level 1. HP: 13/13 MP: 3/3
     6 | D:1      | Noticed a six-headed hydra
     6 | D:1      | Noticed a hound
     7 | D:1      | Noticed a black bear
   163 | D:1      | Slain by a hobgoblin

Illustrated notes

Levels and vault maps discovered:
D:1:      onia_arrival_zoo_common, layout_loops_corners,
          hellmonk_ecumenical_altar_inner_sanctum, minivault_11

Action                   || total
-------------------------++-------
Melee: Unarmed           ||     6
       Constrict         ||     3
       Kick              ||     1
       Punch             ||     1
       Tentacles         ||     1
 Cast: Beastly Appendage ||     4
 Stab: Sleeping          ||     1
Armor: Skin              ||     1
Dodge: Dodged            ||     4
